 Dungeon Crawl Stone Soup version 0.29-a0-542-g075992c915 (webtiles) character file.

Game seed: 5061484487453452921

1523 Pooter the Cleaver (level 8, -1/74 HPs)
             Began as a Minotaur Berserker on June 4, 2022.
             Was a Priest of Trog.
             Slain by a gnoll
             ... wielding a +0 spear
             ... led by a gnoll shaman
              (3 damage)
             ... on level 6 of the Dungeon on June 5, 2022.
             The game lasted 00:27:58 (4441 turns).

Pooter the Cleaver (Minotaur Berserker)             Turns: 4441, Time: 00:27:59

Health: -1/74      AC: 18    Str: 25    XL:     8   Next: 54%
Magic:  0/7        EV:  9    Int:  4    God:    Trog [***...]
Gold:   331        SH:  0    Dex: 21    Spells: 7/7 levels left

rFire   . . .      SeeInvis .   a - +8 scythe (protect)
rCold   . . .      Faith    .   (shield currently unavailable)
rNeg    . . .      Spirit   +   z - +0 chain mail
rPois   .          Reflect  .   (helmet restricted)
rElec   .          Harm     .   (no cloak)
rCorr   .          Rampage  .   m - +0 pair of gloves
Will    ++...                   n - +0 pair of boots
Stlth   ..........              G - amulet of guardian spirit
HPRegen 1.22/turn               k - +6 ring of dexterity
MPRegen 0.10/turn               A - +6 ring of dexterity

@: lethally poisoned (-1 -> -14), strong-willed, under a protective aura,
regenerating
A: horns 2, retaliatory headbutt
a: Renounce Religion, Berserk, Trog's Hand


You were on level 6 of the Dungeon.
You worshipped Trog.
Trog was most pleased with you.
You visited 1 branch of the dungeon, and saw 6 of its levels.

You collected 331 gold pieces.

Inventory:

Hand Weapons
 a - a +8 scythe of protection (weapon)
   (You took it off Sigmund on level 4 of the Dungeon)
 b - a +0 vorpal arbalest
   (You found it on level 5 of the Dungeon)
 u - a +0 trident
   (You took it off an orc on level 3 of the Dungeon)
 B - a +0 morningstar
   (You found it on level 4 of the Dungeon)
 E - a +0 war axe
   (You found it on level 5 of the Dungeon)
Missiles
 i - 3 boomerangs
 v - 9 poisoned darts
 Q - 149 stones (quivered)
Armour
 m - a +0 pair of gloves (worn)
   (You found it on level 2 of the Dungeon)
 n - a +0 pair of boots (worn)
   (You found it on level 3 of the Dungeon)
 z - a +0 chain mail (worn)
   (You took it off Duvessa on level 4 of the Dungeon)
Jewellery
 k - a +6 ring of dexterity (left hand)
   (You found it on level 2 of the Dungeon)
 x - a ring of fire
   (You found it on level 4 of the Dungeon)
 A - a +6 ring of dexterity (right hand)
   (You found it on level 4 of the Dungeon)
 G - an amulet of guardian spirit (around neck)
   (You found it on level 1 of the Dungeon)
Scrolls
 c - a scroll of silence {unknown}
 d - a scroll of fear
 q - 2 scrolls of immolation {!r}
 t - 6 scrolls of teleportation {@r4}
 y - a scroll of magic mapping {unknown}
 C - a scroll of fog {unknown}
Potions
 e - 4 potions of curing {@q1}
 f - 4 potions of haste {@q3}
 j - 2 potions of ambrosia
 l - 2 potions of lignification {!q}
 p - 2 potions of heal wounds {unknown}
 s - a potion of resistance {unknown}
 w - 3 potions of flight {unknown}


   Skills:
 + Level 8.0 Fighting
 - Level 10.2(10.4) Axes
 * Level 3.0(7.2) Polearms
 * Level 2.7 Crossbows
 - Level 2.4 Armour
 - Level 2.1 Dodging


You had 7 spell levels left.
You didn't know any spells.
Your spell library was empty.

Dungeon Overview and Level Annotations

Branches:
Dungeon (6/15)             Temple (0/1) D:5

Altars:
Hepliaklqana
Wu Jian
Xom

Shops:
D:6 :


Innate Abilities, Weirdness & Mutations

You have a pair of horns on your head.
You reflexively headbutt those who attack you in melee.


Message History

You are poisoned.
The gnoll hits you but does no damage. The gnoll barely misses you.
Your base Polearms skill increases to level 3!
Your +8 scythe of protection hums with potential!
a - a +8 scythe of protection (weapon)
You feel sick. The gnoll hits you but does no damage.
You closely miss the gnoll.
You feel very sick.
The gnoll hits you from afar with a +0 spear.
* * * LOW MAGIC WARNING * * *
The gnoll hits you from afar with a +1 halberd of venom!
* * * LOW HITPOINT WARNING * * *
You are more poisoned.
The gnoll hits you but does no damage.
The gnoll hits you from afar with a +0 spear.
* * * LOW HITPOINT WARNING * * *
The gnoll closely misses you. The gnoll hits you with a +0 flail.
* * * LOW HITPOINT WARNING * * *
The gnoll closely misses you.
Okay, then.
You feel very sick. The gnoll closely misses you. The gnoll barely misses you.
You furiously retaliate!
You headbutt the gnoll! The gnoll hits you but does no damage.
You see here Vujeyzik's Reference Book on Freezing Unholy Rituals.
You barely miss the gnoll. Your headbutt misses the gnoll.
You feel very sick. The gnoll hits you but does no damage.
The gnoll hits you with a +1 halberd of venom!
* * * LOW MAGIC WARNING * * *
* * * LOW HITPOINT WARNING * * *
You are more poisoned.
The gnoll closely misses you. You furiously retaliate!
You headbutt the gnoll!
You kill the gnoll!
Trog accepts your kill.
The gnoll hits you from afar with a +0 spear.
* * * LOW HITPOINT WARNING * * *
The gnoll hits you but does no damage.
You are more poisoned.
Unknown command.
You slice the gnoll!!
Your weapon exudes an aura of protection.
You kill the gnoll!
Trog accepts your kill.
* * * LOW HITPOINT WARNING * * *
You feel extremely sick.
The gnoll hits you but does no damage. x2
The gnoll hits you from afar with a +0 spear.
* * * LOW MAGIC WARNING * * *
You die...

............#
...........
#$........#
#.........#
#...).....#
#.........#
#####..g))....#
#.......)@....#
#............##
#............#
#............#
##............#
#.............#
#.....=.......#
#.............#
#.....#########


You could see a gnoll (fast).

Vanquished Creatures
  Sigmund (D:4)
  Duvessa (D:4)
  A black bear (D:4)
  An ogre (D:4)
  2 scorpions (D:4)
  Dowan (D:4)
  A centaur zombie (D:4)
  5 jellies
  3 hounds
  A gnoll shaman (D:6)
  An orc priest (D:5)
  Jessica (D:2)
  Natasha (thrice) (D:4)
  4 iguanas
  2 orc wizards
  A hound zombie (D:4)
  2 hound skeletons (D:4)
  8 adders
  8 gnolls
  5 white imps
  3 ufetubi
  A spectral adder (D:4)
  An adder skeleton (D:4)
  2 worms
  3 dart slugs
  8 orcs
  10 endoplasms
  4 giant cockroaches
  5 goblins
  4 hobgoblins
  2 jackals (D:2)
  3 quokkas
  11 ball pythons
  7 bats
  A frilled lizard (D:1)
  7 kobolds
  8 rats
132 creatures vanquished.

Vanquished Creatures (others)
  6 plants (D:4)
  20 withered plants (D:4)
26 creatures vanquished.

Grand Total: 158 creatures vanquished

Notes
Turn   | Place    | Note
-------+----------+-------------------------------------------
     0 | D:1      | Pooter the Minotaur Berserker began the quest for the Orb.
     0 | D:1      | Reached XP level 1. HP: 19/19 MP: 0/0
    87 | D:1      | Reached skill level 4 in Axes
   220 | D:1      | Reached XP level 2. HP: 27/27 MP: 1/1
   561 | D:1      | Reached ** piety under Trog
   755 | D:1      | Reached XP level 3. HP: 33/33 MP: 2/2
  1083 | D:2      | Reached skill level 5 in Axes
  1282 | D:2      | Noticed Jessica
  1290 | D:2      | Killed Jessica
  1291 | D:2      | Reached XP level 4. HP: 41/41 MP: 3/3
  1330 | D:2      | Found a shimmering altar of Xom.
  1477 | D:2      | Found a faded altar of an unknown god.
  1558 | D:3      | You fall into a shaft and drop 2 floors!
  1558 | D:5      | Entered Level 5 of the Dungeon
  1766 | D:5      | Reached skill level 6 in Axes
  1964 | D:4      | Reached XP level 5. HP: 47/47 MP: 4/4
  1986 | D:4      | Reached skill level 5 in Fighting
  1992 | D:4      | Noticed a black bear
  1999 | D:4      | Killed a black bear
  2074 | D:4      | Reached skill level 7 in Axes
  2074 | D:4      | Reached XP level 6. HP: 56/56 MP: 5/5
  2079 | D:4      | Noticed Duvessa
  2883 | D:4      | Reached skill level 8 in Axes
  2884 | D:4      | Noticed Natasha
  2886 | D:4      | Found the +4 dagger "Morg" {pain, Will+ Int+5}
  2890 | D:4      | Killed Natasha
  2894 | D:4      | Reached XP level 7. HP: 60/63 MP: 6/6
  2937 | D:4      | Reached *** piety under Trog
  2941 | D:4      | Found a hazy altar of Hepliaklqana.
  3024 | D:4      | Noticed Natasha
  3028 | D:4      | Killed Natasha
  3039 | D:4      | Noticed Natasha
  3044 | D:4      | Killed Natasha
  3114 | D:4      | Reached skill level 9 in Axes
  3184 | D:4      | Killed Duvessa
  3311 | D:4      | Identified the +3 ring mail of Impressiveness {rC+ rN+
                  | Will+ MP-9}
  3379 | D:4      | Noticed Sigmund
  3387 | D:4      | Killed Sigmund
  3388 | D:4      | Reached XP level 8. HP: 73/73 MP: 5/7
  3388 | D:4      | Noticed Dowan
  3391 | D:4      | Killed Dowan
  3392 | D:4      | Reached skill level 10 in Axes
  3672 | D:5      | Found a staircase to the Ecumenical Temple.
  3745 | D:5      | Reached skill level 1 in Polearms
  3750 | D:5      | Reached skill level 1 in Crossbows
  4364 | D:6      | Found Uguog's Self-Improvement Boutique.
  4408 | D:6      | Found an ornate altar of the Wu Jian Council.
  4441 | D:6      | HP: 2/74 [poisoned by a gnoll]
  4441 | D:6      | Slain by a gnoll

Illustrated notes

Levels and vault maps discovered:
D:1:      amcnicky_arrival_gap_in_the_tavern_cellar, layout_rooms,
          minmay_misc_feat_hallway
D:2:      layout_basic, dilly_ecumenical_altar_fadedgnrine, basic_altar,
          uniq_jessica
D:3:      layout_rooms
D:4:      layout_basic, nicolae_hepliaklqana_hazy_memory,
          chequers_serial_rivers_room_a, st_stairs_13,
          dilly_guarded_unrand_morg, uniq_sigmund, uniq_duvessa
D:5:      layout_basic, minmay_temple_entry_wispy, st_stairs_7
D:6:      layout_basic, mainiacjoe_overflow_chevrons, portal_sewer_entry_e,
          nicolae_shop_self_help

Skill      XL: |  1  2  3  4  5  6  7  8 |
---------------+-------------------------+-----
Axes           | 4 5 6 7 8 9 10 | 10.2
Fighting       | 4 5 6 7 8 |  8.0
Polearms       | 3 |  3.0
Crossbows      | 2 |  2.7
Armour         | |  2.4
Dodging        | |  2.1

Action                   |  1- 3 |  4- 6 |  7- 9 || total
-------------------------+-------+-------+-------++-------
Melee: Hand axe          |    42 |    27 |       ||    69
       Short sword       |    39 |       |       ||    39
       Headbutt          |     8 |    15 |    12 ||    35
       Punch             |       |     1 |     1 ||     2
       Morningstar       |       |    51 |    37 ||    88
       Scythe            |       |       |    34 ||    34
 Fire: Hunting sling     |       |    55 |    12 ||    67
       Arbalest          |       |       |    33 ||    33
Throw: Stone             |     5 |       |       ||     5
       Dart              |       |     5 |       ||     5
Invok: Trog's Hand       |     1 |     1 |     2 ||     4
       Berserk           |       |     3 |     3 ||     6
  Use: Scroll            |     2 |     7 |     1 ||    10
Armor: Ring mail         |    23 |    32 |    11 ||    66
       Chain mail        |       |       |    53 ||    53
Dodge: Dodged            |    38 |    57 |    51 ||   146

Table legend: (Time is in decaauts)
 A = Elapsed time spent in this place.
 B = Non-inter-level travel time spent in this place.
 C = Inter-level travel time spent in this place.
 D = Time resting spent in this place.
 E = Time spent auto-exploring this place.
 F = Levels seen in this place.
 G = Mean time per level.
                   A        B        C        D        E       F      G
               +--------+--------+--------+--------+--------+-----+--------+
         Total |   4596 |   4536 |     60 |    386 |   2748 |   6 |  766.0 |
       Dungeon |   4596 |   4536 |     60 |    386 |   2748 |   6 |  766.0 |
               +--------+--------+--------+--------+--------+-----+--------+

Top non-repeatable levels by time:
     D:5: 1208 daAuts
     D:4: 1013 daAuts
     D:1: 908 daAuts
     D:3: 775 daAuts
     D:2: 600 daAuts
     D:6: 90 daAuts
